 Dungeon Crawl Stone Soup version 0.22.1-1-ga44c0e5 (webtiles) character file.

116 inc the Ducker (level 4, 19/19 HPs)
             Began as a Felid Transmuter on Oct 27, 2018.
             Quit the game on level 4 of the Dungeon.
             The game lasted 00:07:50 (4254 turns).

inc the Ducker (Felid Transmuter)                   Turns: 4254, Time: 00:07:50

Health: 19/19      AC:  1    Str:  6    XL:     4   Next: 69%
Magic:  8/8        EV: 23    Int: 16    God:
Gold:   215        SH:  0    Dex: 16    Spells: 6/7 levels left
                                        Lives:  0   Deaths: 1

rFire    . . .     SeeInvis +     - Unarmed
rCold    . . .     Gourm    .   (shield unavailable)
rNeg     . . .     Faith    .   (armour unavailable)
rPois    .         Spirit   .   (helmet unavailable)
rElec    .         Reflect  .   (cloak unavailable)
rCorr    .         Harm     .   (gloves unavailable)
MR       .....                  (boots unavailable)
Stlth    ++........             h - amulet of magic regeneration
HPRegen  0.06/turn              (no ring)
MPRegen  0.36/turn              (no ring)

@: quick
A: very small, no armour, no weapons or thrown items, stealth, claws 1, fangs 3,
see invisible, carnivore, speed 1, shaggy fur 1, slow metabolism 1, sharp paws
a: no special abilities


You were on level 4 of the Dungeon.
You were not hungry.

You visited 1 branch of the dungeon, and saw 4 of its levels.

You collected 215 gold pieces.

Inventory:

Missiles
 a - 35 arrows
Jewellery
 h - an amulet of magic regeneration (around neck)
Wands
 q - a wand of flame (35)
Scrolls
 b - 2 scrolls of teleportation {unknown}
 d - 3 scrolls of identify
 g - 3 scrolls of remove curse {unknown}
 i - a scroll of enchant armour {unknown}
 m - a scroll of amnesia {unknown}
 p - a scroll of random uselessness {unknown}
Potions
 e - a potion of magic {unknown}
 f - 2 potions of ambrosia {unknown}
 j - a potion of mutation
 l - a potion of cancellation {unknown}
 n - a potion of lignification {unknown}
 o - a potion of might {unknown}
Comestibles
 c - 5 rations


   Skills:
 - Level 1.0 Fighting
 - Level 7.5 Dodging
 - Level 3.0 Unarmed Combat
 - Level 2.0 Spellcasting
 + Level 3.1 Transmutations


You had 6 spell levels left.
You knew the following spells:

 Your Spells              Type           Power        Failure   Level  Hunger
a - Beastly Appendage     Tmut           ##....       5%          1    #......

Your spell library contained the following spells:

 Spells                   Type           Power        Failure   Level  Hunger
 Sticks to Snakes         Tmut           ##......     9%          2    ###....
 Animate Skeleton         Necr           N/A          21%         1    #......
 Apportation              Tloc           #.....       21%         1    #......
 Confusing Touch          Hex            #.....       21%         1    #......
 Summon Small Mammal      Summ           #...         21%         1    #......
 Spider Form              Tmut/Pois      #.........   32%         3    ###....
 Ice Form                 Ice/Tmut       #.......     71%         4    #####..
 Blade Hands              Tmut           ##........   83%         5    ######.


Dungeon Overview and Level Annotations

Branches:
Dungeon (4/15)
 Temple: D:4-7

Altars:
Ashenzari
Elyvilon
Kikubaaqudgha
Makhleb


Innate Abilities, Weirdness & Mutations

You cannot wear armour.
You are incapable of wielding weapons or throwing items.
Your paws allow you to move quietly. (Stealth)
You have sharp claws.
You have razor-sharp teeth.
You have supernaturally acute eyesight. (SInv)
You are carnivorous and can eat meat at any time.
You cover ground quickly.
You are covered in fur. (AC +1)
You have a slow metabolism.
Your sharp claws are effective at attacking unaware monsters.


Message History

You feel a strong urge to attack something.
* * * LOW HITPOINT WARNING * * *
You feel sick.
You are too berserk!
You feel your anger nearly subside.
* * * LOW HITPOINT WARNING * * *
You feel sick.
You are no longer berserk.
You are exhausted.
You feel yourself slow down.
* * * LOW HITPOINT WARNING * * *
You feel sick.
You die...
Your shape twists and changes as you die.
You feel sick.
You are now level 4!
Your horns disappear.
You rejoin the land of the living...
Found 8 gold pieces.
Are you sure you want to abandon this character and quit the game? (Confirm

## ## .. .
#. .# #
#.##. .#
#... ..
#..#.#.#
#.@....#
#......###
###..###
$... .....
.......
........
#..#......


There were no monsters in sight!

Vanquished Creatures
  An orc wizard (D:3)
  Jessica (D:2)
  A hound skeleton (D:2)
  6 adders
  A gnoll (D:1)
  A worm (D:2)
  2 dart slugs
  2 leopard geckos (D:1)
  7 orcs
  5 bats
  6 giant cockroaches
  6 goblins
  8 hobgoblins
  4 jackals (D:1)
  4 quokkas
  2 ball pythons
  8 frilled lizards
  8 kobolds
  10 rats
83 creatures vanquished.

Notes
Turn   | Place    | Note
-------+----------+-------------------------------------------
     0 | D:1      | inc the Felid Transmuter began the quest for the Orb.
     0 | D:1      | Reached XP level 1. HP: 9/9 MP: 4/4
    69 | D:1      | Reached skill level 3 in Dodging
   289 | D:1      | Reached skill level 4 in Dodging
   289 | D:1      | Reached XP level 2. HP: 11/12 MP: 4/6
   583 | D:1      | Reached XP level 3. HP: 10/15 MP: 7/7
   932 | D:2      | Reached skill level 5 in Dodging
  1048 | D:2      | Noticed Jessica
  1052 | D:2      | Killed Jessica
  1052 | D:2      | Reached skill level 6 in Dodging
  1052 | D:2      | Reached XP level 4. HP: 19/19 MP: 6/8
  1855 | D:2      | Found a white marble altar of Elyvilon.
  1865 | D:2      | Reached XP level 5. HP: 19/22 MP: 9/9
  1974 | D:2      | Found a shattered altar of Ashenzari.
  1977 | D:2      | Found a burning altar of Makhleb.
  1978 | D:2      | Found an ancient bone altar of Kikubaaqudgha.
  2042 | D:2      | Reached skill level 7 in Dodging
  4252 | D:4      | HP: 1/22 [poisoned by an adder]
  4253 | D:4      | Succumbed to an adder's poison
  4254 | D:4      | Reached XP level 4. HP: 0/19 MP: 8/8
  4254 | D:4      | Quit the game

Skill      XL: |  1  2  3  4  5 |
---------------+----------------+-----
Dodging        | 4 6 7 |  7.5
Transmutations | 3 |  3.1
Fighting       | |  1.0
Unarmed Combat | |  3.0
Spellcasting   | |  2.0

Action                   |  1- 3 |  4- 6 || total
-------------------------+-------+-------++-------
Melee: Unarmed           |    89 |   228 ||   317
       Bite              |     9 |    21 ||    30
       Headbutt          |     6 |    12 ||    18
       Punch             |       |     2 ||     2
 Cast: Beastly Appendage |     6 |    20 ||    26
  Use: Scroll            |       |     4 ||     4
       Potion            |       |     3 ||     3
 Stab: Sleeping          |     4 |     8 ||    12
  Eat: Chunk             |       |     6 ||     6
Armor: Skin              |     2 |     6 ||     8
Dodge: Dodged            |    80 |   213 ||   293
